 Dungeon Crawl Stone Soup version 0.22-b1-21-g5cfc168 (webtiles) character file.

46 letownia2 the Insei (level 3, -7/26 HPs)
             Began as a Demonspawn Transmuter on Aug 3, 2018.
             Killed from afar by an orc wizard (10 damage)
             ... with a puff of frost
             ... on level 4 of the Dungeon.
             The game lasted 00:02:01 (410 turns).

letownia2 the Insei (Demonspawn Transmuter)          Turns: 410, Time: 00:02:01

Health: -7/26      AC:  5    Str: 11    XL:     3   Next: 44%
Magic:  0/6        EV: 10    Int: 14    God:
Gold:   19         SH:  0    Dex: 13    Spells: 3/6 levels left

rFire    . . .     SeeInvis .     - Unarmed
rCold    . . .     Gourm    .   (no shield)
rNeg     . . .     Faith    .   g - +0 ring mail
rPois    .         Spirit   +   (no helmet)
rElec    .         Reflect  .   (no cloak)
rCorr    .         Harm     .   (no gloves)
MR       .....                  (no boots)
Stlth    +.........             (no amulet)
HPRegen  0.08/turn              (no ring)
MPRegen  0.20/turn              (no ring)

@: very slightly contaminated
A: magic shield, magic regeneration
a: no special abilities


You were on level 4 of the Dungeon.
You were not hungry.

You visited 1 branch of the dungeon, and saw 4 of its levels.

You collected 19 gold pieces.

Inventory:

Missiles
 a - 11 arrows
Armour
 b - a +0 robe
 g - a +0 ring mail (worn)
 i - a +0 scale mail
Scrolls
 c - 5 scrolls of teleportation {unknown}
 e - a scroll of remove curse {unknown}
 h - a scroll of fog {unknown}
Potions
 f - 2 potions of haste {unknown}
 j - a potion of lignification {unknown}
Comestibles
 d - 7 rations


   Skills:
 - Level 1.0 Fighting
 + Level 1.3 Armour
 - Level 1.7 Dodging
 - Level 3.3 Unarmed Combat
 - Level 2.0 Spellcasting
 + Level 2.4 Transmutations


You had 3 spell levels left.
You knew the following spells:

 Your Spells              Type           Power        Failure   Level  Hunger
a - Beastly Appendage     Tmut           #.....       21%         1    ##.....
l - Sticks to Snakes      Tmut           #.......     30%         2    ###....

Your spell library contained the following spells:

 Spells                   Type           Power        Failure   Level  Hunger
 Spider Form              Tmut/Pois      #.........   71%         3    ####...
 Blade Hands              Tmut           #.........   99%         5    ######.
 Ice Form                 Ice/Tmut       #.......     98%         4    #####..


Dungeon Overview and Level Annotations

Branches:
Dungeon (4/15)
 Temple: D:4-7

Altars:

Shops:
D:4 !


Innate Abilities, Weirdness & Mutations

When hurt, damage is shared between your health and your magic reserves.
You regenerate magic rapidly.


Message History

Unknown command.
You closely miss the orc priest.
The orc priest shouts!
The orc priest is almost dead.
The orc priest hits you.
* * * LOW HITPOINT WARNING * * *
Unknown command.
You hit the orc priest.
You kill the orc priest!
Your Armour skill increases to level 1!
You have reached level 3!
Your experience leads to an increase in your attributes!
Increase (S)trength, (I)ntelligence, or (D)exterity?
Uppercase letters only, please.
You feel stronger.
Your demonic ancestry asserts itself...
You feel your magic shroud grow more resilient.
You hear some strange, mumbled words.
A puff of frost appears from out of thin air!
The puff of frost hits you!
You die...

#.##.##.# #.
#.##.# # #.##.#
# #.##.# ##
#.##.##.# ...
#.......# ∩...
####.#####
...##
#...).###......
#####.@[.o...#
#####......
..... ####


You could see an orc.

Vanquished Creatures
  An orc priest (D:4)
  A dart slug (D:2)
  A leopard gecko (D:2)
  2 orcs
  A goblin (D:2)
  3 hobgoblins
  3 kobolds
  2 bats (D:3)
  A frilled lizard (D:2)
  3 rats
18 creatures vanquished.

Notes
Turn   | Place    | Note
-------+----------+-------------------------------------------
     0 | D:1      | letownia2 the Demonspawn Transmuter began the quest for the Orb.
     0 | D:1      | Reached XP level 1. HP: 15/15 MP: 3/3
    45 | D:1      | Reached skill level 3 in Unarmed Combat
   113 | D:2      | Gained mutation: When hurt, damage is shared between your health and your magic reserves. [demonic ancestry]
   113 | D:2      | Reached XP level 2. HP: 14/21 MP: 3/5
   193 | D:2      | Learned a level 2 spell: Sticks to Snakes
   399 | D:4      | Found Vilitef's Distillery.
   410 | D:4      | Reached skill level 1 in Armour
   410 | D:4      | Gained mutation: You regenerate magic rapidly. [demonic ancestry]
   410 | D:4      | Reached XP level 3. HP: 3/26 MP: 0/6
   410 | D:4      | Killed from afar by an orc wizard

Skill      XL: |  1  2 |
---------------+-------+-----
Unarmed Combat | 3 |  3.3
Transmutations | 2 |  2.4
Armour         | 1 |  1.3
Fighting       | |  1.0
Dodging        | |  1.7
Spellcasting   | |  2.0

Action                   || total
-------------------------++-------
Melee: Unarmed           ||    51
       Kick              ||     4
       Headbutt          ||     2
 Cast: Beastly Appendage ||    14
       Sticks to Snakes  ||     1
 Stab: Sleeping          ||     2
Armor: Robe              ||     2
       Ring mail         ||     6
Dodge: Dodged            ||    20
